 Dungeon Crawl Stone Soup version 0.30-a0-341-g682706514a (webtiles) character file.

Game seed: 3271147460390990933

85 ytrimaz the Trooper (level 4, -3/50 HPs)
             Began as an Ogre Berserker on Nov 3, 2022.
             Was a Follower of Trog.
             Killed by nerve-wracking pain
             ... invoked by Grinder
              (5 damage)
             ... on level 4 of the Dungeon.
             The game lasted 00:02:15 (1762 turns).

ytrimaz the Trooper (Ogre Berserker)                Turns: 1762, Time: 00:02:16

Health: -3/50      AC:  3    Str: 23    XL:     4   Next: 48%
Magic:  4/4        EV: 10    Int:  8    God:    Trog [*.....]
Gold:   35         SH:  0    Dex:  8    Spells: 3/3 levels left

rFire   + . .      SeeInvis .    h - +0 whip (venom)
rCold   . . .      Faith    .    (no shield)
rNeg    . . .      Spirit   .    b - +0 animal skin
rPois   .          Reflect  .    (helmet restricted)
rElec   .          Harm     .    (no cloak)
rCorr   .          Rampage  .    (gloves unavailable)
Will    .....                    (boots unavailable)
Stlth   +.........               (no amulet)
HPRegen 0.28/turn                f - ring of flight
MPRegen 0.09/turn                i - ring of protection from fire

@: on berserk cooldown, attractive, flying
A: large, unfitting armour, tough skin 1
a: Renounce Religion, Berserk


You were on level 4 of the Dungeon.
You worshipped Trog.
Trog was aware of your devotion.
You visited 1 branch of the dungeon, and saw 3 of its levels.

You collected 35 gold pieces.


Innate Abilities, Weirdness & Mutations

You are too large for most types of armour.
You have tough skin. (AC +1)


   Skills:
 + Level 5.5 Fighting
 + Level 3.8 Maces & Flails
 - Level 2.6 Dodging


You had 3 spell levels left.
You didn't know any spells.
Your spell library was empty.

Inventory:

Hand Weapons
 a - a +0 mace
 h - a +0 whip of venom (weapon)
   (You took it off a kobold on level 2 of the Dungeon)
Missiles
 e - 4 curare-tipped darts (quivered)
Armour
 b - a +0 animal skin (worn)
Jewellery
 f - a ring of flight (left hand)
   (You found it on level 1 of the Dungeon)
 i - a ring of protection from fire (right hand)
   (You found it on level 2 of the Dungeon)
Potions
 j - a potion of lignification {unknown}

Dungeon Overview and Level Annotations

Branches:
Dungeon (2/15) Zot: 16173

Altars:

Annotations:
D:4 Grinder

#..............#
##.............#
#..............##
#...............##
.................###
#........$.........#
.................#....
................## .
.......@5.......#
#...............#
##..............#
##............##
##...(.......#
##........##
##....#### ######


You could see Grinder (poisoned).


Message History

You resist with significant effort. 😕 HP[+24]
You regained 24 hp, and now have 45/50 hp.
Unknown command.
You feel much better. Grinder hits you.
You writhe in agony. 😕 HP[-3]
You take 3 damage, and now have 42/50 hp.
Unknown command.
You barely miss Grinder. Grinder barely misses you.
Unknown command.
You hit Grinder but do no damage. Grinder gestures at you.
You suddenly lose the ability to move!
Grinder blinks!
Grinder looks more healthy.
Grinder gestures at you.
You barely resist.
You can move again. 😕 HP[+2]
You regained 2 hp, and now have 44/50 hp.
Unknown command.
Grinder closely misses you. Grinder hits you.
You writhe in agony. 😕 HP[-2]
You take 2 damage, and now have 42/50 hp.
You hit Grinder. Grinder hits you.
You writhe in agony. 😮 HP[-5]
You take 5 damage, and now have 37/50 hp.
Unknown command.
You barely miss Grinder. Grinder hits you.
You writhe in agony.
Grinder closely misses you. 😮 HP[-10]
You take 10 damage, and now have 27/50 hp.
You barely miss Grinder. Your punch misses Grinder. Grinder hits you.
You writhe in agony.
* * * LOW HITPOINT WARNING * * *
😨 HP[-3]
You take 3 damage, and now have 24/50 hp.
You hit Grinder but do no damage. Grinder hits you but does no damage.
Unknown command.
You hit Grinder. Grinder hits you!
* * * LOW HITPOINT WARNING * * *
You writhe in agony.
* * * LOW HITPOINT WARNING * * *
Grinder gestures at you.
You suddenly lose the ability to move!
Grinder blinks!
Grinder gestures at you.
You shrug off the repeated paralysis!
You can move again. 😨 HP[-10]
You take 10 damage, and now have 14/50 hp.
You feel much better. 😕 HP[+31]
You regained 31 hp, and now have 45/50 hp.
Unknown command.
It was a potion of attraction.
You feel attractive to monsters.
You feel yourself speed up.
Grinder blinks!
Grinder says, "Just stop there for a second..."
Grinder is attracted toward you.
Unknown command.
You hit Grinder.
Grinder is poisoned.
Grinder gestures at you.
You barely resist. 😕 HP[+1] Unknown command.
You hit Grinder but do no damage. Grinder gestures at you.
Pain shoots through your body! 😮 HP[-11]
You take 11 damage, and now have 35/50 hp.
MASSIVE DAMAGE!! (PAUSE)
You hit Grinder but do no damage. Grinder hits you.
You writhe in agony. 😮 HP[-7]
You take 7 damage, and now have 28/50 hp.
Unknown command.
You completely miss Grinder. Grinder hits you!
* * * LOW HITPOINT WARNING * * *
You writhe in agony.
* * * LOW HITPOINT WARNING * * *
😨 HP[-14]
You take 14 damage, and now have 14/50 hp.
MASSIVE DAMAGE!! (PAUSE)
Okay, then.
Unknown command.
You hit Grinder. 😨 HP[+1] Unknown command.
You barely miss Grinder.
Grinder blinks!
Unknown command.
You barely miss Grinder. Grinder hits you!
* * * LOW HITPOINT WARNING * * *
You writhe in agony.
* * * LOW HITPOINT WARNING * * *
😱 HP[-13]
You take 13 damage, and now have 2/50 hp.
MASSIVE DAMAGE!! (PAUSE)
You hit Grinder. Grinder gestures at you. Pain shoots through your body!
You die...

Skill      XL: |  1  2  3 |
---------------+----------+-----
Maces & Flails | 3 |  3.8
Fighting       | 5 |  5.5
Dodging        | |  2.6

Action                   |  1- 3 |  4- 6 || total
-------------------------+-------+-------++-------
Melee: Mace              |    84 |     1 ||    85
       Whip              |       |    63 ||    63
Invok: Berserk           |     2 |     1 ||     3
       Trog's Hand       |       |     1 ||     1
  Use: Scroll            |     1 |       ||     1
       Potion            |       |     5 ||     5
Armor: Animal skin       |    37 |    14 ||    51
Dodge: Dodged            |    64 |    31 ||    95

Levels and vault maps discovered:
D:1:      ebering_trefoil_3fold, layout_basic,
          hellmonk_ecumenical_altar_pennies_from_heaven, serial_bayou_lake_a
D:2:      layout_loops_ring, minmay_strange_pillars, kennysheep_minor_cross
D:4:      layout_cave_pods, ashenzari_conservatory_becter,
          mainiacjoe_overflow_catwalk_spiral, uniq_grinder, uniq_duvessa

Notes
Turn   | Place    | Note
-------+----------+-------------------------------------------
     0 | D:1      | ytrimaz the Ogre Berserker began the quest for the Orb.
     0 | D:1      | Reached XP level 1. HP: 24/24 MP: 1/1
     0 | D:1      | magus.rc [v1.9.6]
   131 | D:1      | Reached XP level 2. HP: 32/33 MP: 2/2
   248 | D:1      | Reached skill level 3 in Maces & Flails
   501 | D:1      | Found a faded altar of an unknown god.
   506 | D:1      | Reached XP level 3. HP: 41/41 MP: 3/3
   810 | D:2      | Reached skill level 5 in Fighting
  1206 | D:2      | Reached XP level 4. HP: 41/50 MP: 4/4
  1503 | D:2      | Reached ** piety under Trog
  1718 | D:2      | You are sucked into a shaft and drop 2 floors!
  1719 | D:4      | Noticed Grinder
  1737 | D:4      | Paralysed by Grinder for 5 turns
  1748 | D:4      | Paralysed by Grinder for 5 turns
  1761 | D:4      | HP: 6/50 [Grinder (9)]
  1761 | D:4      | HP: 2/50 [Grinder (4)]
  1762 | D:4      | Killed from afar by Grinder

Vanquished Creatures
  A gnoll (D:1)
  3 adders (D:2)
  2 dart slugs (D:2)
  4 ball pythons
  4 bats
  An endoplasm (D:2)
  5 giant cockroaches
  4 goblins
  3 hobgoblins (D:2)
  4 jackals (D:1)
  2 kobolds (D:2)
  4 quokkas (D:2)
  A frilled lizard (D:1)
  4 rats
42 creatures vanquished.

Table legend:
 A = Non-vault XP
 B = Vault XP
 C = Vault XP percentage of total XP
 D = Non-vault monster count
 E = Vault monster count
 F = Vault count percentage of total count
                 A         B        C        D         E       F
            +---------+---------+-------+---------+---------+-------
      Total |     122 |       0 |   0.0 |      42 |       0 |   0.0
            +---------+---------+-------+---------+---------+-------
        D:1 |      38 |       0 |   0.0 |      15 |       0 |   0.0
        D:2 |      84 |       0 |   0.0 |      27 |       0 |   0.0
            +---------+---------+-------+---------+---------+-------

Illustrated notes

Table legend:
 A = Kills in this place as a percentage of kills in entire the game.
 B = Kills by you in this place as a percentage of kills by you in the entire game.
 C = Kills by friends in this place as a percentage of kills by friends in the entire game.
 D = Other kills in this place as a percentage of other kills in the entire game.
 E = Experience gained in this place as a percentage of experience gained in the entire game.
 F = Experience gained in this place divided by the number of levels of this place that you have seen.
                   A       B       C       D       E      F
               +-------+-------+-------+-------+-------+----------------------
         Total | 100.0 | 100.0 |   N/A |   N/A | 100.0 |  40.7
       Dungeon | 100.0 | 100.0 |   N/A |   N/A | 100.0 |  40.7
               +-------+-------+-------+-------+-------+----------------------

Table legend: (Time is in decaauts)
 A = Elapsed time spent in this place.
 B = Non-inter-level travel time spent in this place.
 C = Inter-level travel time spent in this place.
 D = Time resting spent in this place.
 E = Time spent auto-exploring this place.
 F = Levels seen in this place.
 G = Mean time per level.
                   A        B        C        D        E       F      G
               +--------+--------+--------+--------+--------+-----+--------+
         Total |   1825 |   1800 |     25 |     53 |   1381 |   3 |  608.3 |
       Dungeon |   1825 |   1800 |     25 |     53 |   1381 |   3 |  608.3 |
               +--------+--------+--------+--------+--------+-----+--------+

Top non-repeatable levels by time:
     D:2: 930 daAuts
     D:1: 844 daAuts
     D:4: 50 daAuts
